Tariru, lawful female dwarven Valkyrie ----- |... 4 ------ --..--------- 4 ......-- --...|.......| ........---2I..|...@...| ..........P)...A....@...| .........---5...|.......| -.......-- --...|.......| ----|---- --..--------- -------.%.| |... |.[..%))..| ----- -...------- -....| -...--- ... - Tariru the Warrior Experience level: 16 Strength: 25 Dexterity: 18 Constitution: 20 Intelligence: 12 Wisdom: 16 Charisma: 10 Health: 301(301) Energy: 32(32) Def: 31 Gold: 472 Moves: 27610 Dungeon seed: gTHaibMqNKLdpTHq Game ID: Tariru_1529691195 Your Inventory: Coins $ - 472 gold pieces Amulets A - a blessed amulet of life saving (being worn) Weapons a - the blessed rustproof +6 Excalibur (weapon in hand) C - 6 +0 daggers (in quiver) L - a blessed rustproof +6 long sword named angel (wielded in other hand) Armor e - an uncursed +4 silver dragon scale mail (being worn) q - a blessed +0 pair of gauntlets of power (being worn) H - a blessed fireproof +3 cloak of magic resistance (being worn) J - an uncursed very rusty corroded +0 dwarvish iron helm (being worn) Y - a blessed greased fireproof +3 pair of speed boots (being worn) Comestibles o - 2 uncursed lumps of royal jelly K - an uncursed lizard corpse Scrolls N - an uncursed scroll of create monster Potions X - a cursed potion of full healing Z - 2 uncursed potions of speed Rings m - a blessed greased ring of free action (on left hand) D - a blessed greased ring of conflict (on right hand) Q - a blessed ring of levitation Wands c - a wand of digging named -0 (0:2) d - a wand of cold (0:5) l - a wand of death named -2 (1:6) M - a wand of digging (0:5) R - a cursed wand of fire (0:8) S - a wand of sleep (0:8) T - a wand of cold (0:6) V - a wand of teleportation named -0 (0:2) Tools b - the blessed Orb of Fate (0:0) h - a blessed bag of holding k - an uncursed lock pick y - an uncursed magic lamp z - a magic marker (1:15) F - the uncursed Candelabrum of Invocation (no candles attached) (0:0) O - a +0 pick-axe P - an uncursed towel U - a blessed +0 unicorn horn named pRcRfRslR Gems p - an uncursed amethyst stone Contents of the bag of holding: an uncursed amulet of life saving an uncursed +0 pair of water walking boots an uncursed K-ration an uncursed carrot an uncursed cram ration an uncursed egg 2 uncursed food rations an uncursed lizard corpse an uncursed sprig of wolfsbane 6 blessed scrolls of blank paper a blessed scroll of charging 3 uncursed scrolls of earth an uncursed scroll of fire a blessed scroll of identify an uncursed scroll of identify 2 cursed scrolls of identify 2 cursed scrolls of teleportation 2 uncursed diluted potions of extra healing a cursed diluted potion of extra healing 2 blessed diluted potions of full healing a blessed potion of acid an uncursed potion of acid a blessed potion of full healing an uncursed potion of gain energy an uncursed potion of gain level 10 potions of holy water an uncursed potion of speed 4 potions of unholy water a wand of digging (0:7) a wand of fire named -2 (0:5) a wand of lightning named -1 (0:4) a cursed wand of striking (0:7) a cursed wand of teleportation named -1 (0:2) a wand of wishing named -0 (1:0) 2 uncursed rubies Spells and supernatural/magical abilities: Name Level Category Fail Memory k - knock 1* matter 100% 0% H - haste self 3 escape 100% 10% V - teleportitis -- ability ? -- W - pray for help -- divine ? -- Your skills at the end: Fighting Skills two weapon combat [Skilled] Weapon Skills dagger [Expert] long sword [Expert] Spellcasting Skills Final Attributes: You were piously aligned. You were fire resistant. You were cold resistant. You were sleep resistant. You were shock resistant. You were poison resistant. You were level-drain resistant. You were magic-protected. You saw invisible. You were warned. You had automatic searching. You had infravision. You were invisible to others. You were stealthy. You caused conflict. You could teleport. You had teleport control. You were protected. You were very fast. You had reflection. You had free action. Your life would have been saved. You were wielding two weapons at once. You were extremely lucky. You had extra luck. Good luck did not time out for you. You survived. Vanquished creatures: Demogorgon Asmodeus Baalzebub Orcus Juiblex The Wizard of Yendor (thrice) Death (twice 3 arch-liches a high priest a mastodon Medusa 6 krakens 4 master liches a storm giant 2 purple worms a gray dragon 6 silver dragons 3 red dragons 4 white dragons 3 orange dragons 2 blue dragons a green dragon 6 yellow dragons 20 minotaurs a jabberwock Lord Surtur 4 baluchitheria 5 Angels 5 demiliches Vlad the Impaler 5 stone golems 10 Olog-hai 5 Nazgul 3 pit fiends a sandestin 2 hell hounds 2 titanotheres 3 trappers a baby gray dragon a baby black dragon a baby yellow dragon 2 disenchanters 27 vampire lords 6 shades 5 skeletons 18 aligned priests 4 captains 6 liches a clay golem 2 nurses a nalfeshnee 4 lurkers above 2 Aleaxes a frost giant 3 ettins 3 black puddings 25 vampires 29 ghosts 5 lieutenants a watch captain a tourist a valkyrie a queen bee 2 winged gargoyles 4 giant mimics 5 zruties 32 fire giants 5 ogre kings 4 ice trolls 5 rock trolls an umber hulk 2 flesh golems 2 Elvenkings a doppelganger 2 hezrous 9 bone devils 5 large mimics 3 fire vortices 2 baby purple worms 2 long worms a couatl 6 stalkers 12 air elementals 3 fire elementals an earth elemental 3 water elementals 3 hill giants 2 giant mummies 2 black nagas 5 xorns 15 giant zombies 2 elf-lords 10 sergeants a water demon 2 barbed devils 5 vrocks 5 wargs a winter wolf 2 hell hound pups 15 small mimics 2 glass piercers 4 warhorses 6 steam vortices 5 xans 3 ettin mummies 2 ogre lords 4 quantum mechanics 9 trolls 2 sasquatches 2 wood golems an erinys 2 mariliths a djinni a shark an electric eel 4 gelatinous cubes a large dog 3 freezing spheres 2 flaming spheres 3 shocking spheres a large cat 3 tigers 6 tengu an ochre jelly a leocrotta 2 energy vortices 2 mountain centaurs 3 stone giants an elf mummy a human mummy 4 red nagas 2 pit vipers 3 cobras 33 wraiths 3 carnivorous apes 13 ettin zombies a leather golem 2 Grey-elves 45 soldiers 4 watchmen 4 horned devils 3 succubi an incubus 4 chameleons a crocodile 15 giant beetles 3 quivering blobs 9 cockatrices 9 wolves 11 winter wolf cubs a lynx 3 panthers 7 gremlins 14 leprechauns 4 orc-captains 2 iron piercers 2 mumakil 8 giant spiders 2 scorpions a horse an ice vortex 2 black lights 4 vampire bats 2 forest centaurs 5 gnome kings 5 orc mummies 4 dwarf mummies 3 ogres 3 brown puddings 8 rust monsters an owlbear 3 yetis 2 gold golems 2 werewolves 12 Green-elves 2 piranhas 6 giant eels 3 lizards 4 warriors a chickatrice 3 dogs 4 dingos 2 housecats 3 jaguars 4 dwarf lords 3 gray unicorns 4 black unicorns 2 dust vortices 5 ravens 3 plains centaurs 5 gnome mummies 2 snakes a water moccasin 8 apes 22 human zombies 4 rope golems 7 Woodland-elves 12 soldier ants 60 fire ants 11 bugbears 3 lemures 4 quasits 4 wood nymphs 3 water nymphs 3 mountain nymphs 4 Mordor orcs 2 Uruk-hai 4 orc shamans 6 rock piercers 3 rock moles 4 ponies 4 fog clouds 5 yellow lights a shrieker a violet fungus 11 gnome lords 5 gnomish wizards 3 kobold mummies 3 red naga hatchlings 2 black naga hatchlings a golden naga hatchling 4 gray oozes 2 barrow wights 15 elf zombies 14 ghouls a straw golem 3 paper golems a baby crocodile 15 giant ants a little dog 8 floating eyes 3 kittens 9 dwarves 4 kobold lords a kobold shaman 16 hill orcs 9 rothes 2 rabid rats a centipede 5 giant bats a monkey 11 orc zombies 19 dwarf zombies 3 wererats 2 werejackals 8 iguanas 25 killer bees 3 acid blobs 7 coyotes 2 gas spores 7 hobbits 4 manes 2 large kobolds 18 hobgoblins 2 giant rats 14 cave spiders 4 brown molds 3 yellow molds 2 green molds 6 red molds 17 gnomes 5 garter snakes 14 gnome zombies 5 geckos 11 jackals 4 foxes 5 kobolds 6 goblins 5 sewer rats 20 grid bugs 9 bats 7 lichens 14 kobold zombies 12 newts 1454 creatures vanquished. Voluntary challenges: You had been an atheist until turn 1936. You used a wielded weapon 2264 times, starting on turn 326. You read items or engraved 193 times, starting on turn 2194. You never genocided any monsters. You never polymorphed an object. You changed form 1 time, starting on turn 14037. You used 10 wishes, starting on turn 17508. You did not wish for any artifacts. You split 3 puddings, starting on turn 5761. You wrote Elbereth's name 79 times, starting on turn 2439. You violated your moral code, losing 479 points of alignment, starting on turn 1107. Dungeon overview: The Dungeons of Doom: levels 1 to 28 Level 1 a fountain stairs to The Elemental Planes Level 2 (locked shop) a potion shop, a fountain Level 3 a general store, a fountain stairs to The Gnomish Mines Level 4 a fountain Level 5 a general store Level 6 (vault) Level 7 some fountains Level 8 a fountain stairs to Sokoban Level 9 Level 10 Level 11 a fountain Level 12 a fountain Level 13 a fountain Level 14 (quest,shop) a weapon shop portal to The Quest Level 15 Level 16 Level 17 Level 18 Level 19 Level 20 a temple to Loki Level 21 a general store Level 22 Level 23 Level 24 (medusa) Level 25 Level 26 (flayer) Level 27 Level 28 Gehennom: levels 29 to 52 Level 29 a temple to Moloch stairs to The Dungeons of Doom Level 30 (asmodeus) Level 31 Level 32 Level 33 (juib) some fountains Level 34 Level 35 (baale) Level 36 Level 37 Level 38 stairs to Vlad's Tower Level 39 Level 40 (orcus) some shops, an altar to Moloch Level 41 Level 42 Level 43 Level 44 (rodney) Level 45 Level 46 portal to Gehennom Level 47 Level 48 Level 49 (MMF) Level 50 (portal) portal to Gehennom Level 51 (vsquare found) Level 52 The Gnomish Mines: levels 4 to 12 Level 4 stairs to The Dungeons of Doom Level 5 Level 6 Level 7 many shops, a temple to Tyr, a fountain Level 8 Level 9 Level 10 Level 11 Level 12 a fountain The Quest: levels 1 to 6 Level 1 a fountain portal to The Dungeons of Doom Level 2 Level 3 Level 4 Level 5 Level 6 Sokoban: levels 4 to 7 Level 4 Level 5 Level 6 Level 7 stairs to The Dungeons of Doom Vlad's Tower: levels 35 to 37 Level 35 Level 36 Level 37 stairs to Gehennom The Elemental Planes: Astral Plane <- You were here a high altar Plane 4 portal to The Elemental Planes Plane 3 portal to The Elemental Planes Plane 2 portal to The Elemental Planes Plane 1 portal to The Elemental Planes History has recorded: On T:1 you entered the Dungeons of Doom to retrieve the Amulet of Yendor! On T:167 you reached level 2 of The Dungeons of Doom. On T:447 you reached level 3 of The Dungeons of Doom. On T:850 you reached level 4 of The Dungeons of Doom. On T:1075 you reached level 1 of The Gnomish Mines. On T:1107 you advanced to experience level 2. On T:1138 you reached level 2 of The Gnomish Mines. On T:1439 you reached level 3 of The Gnomish Mines. On T:1600 you advanced to experience level 3. On T:1836 you reached level 4 of The Gnomish Mines. On T:1906 you advanced to experience level 4. On T:2015 you advanced to experience level 5. On T:2479 you advanced to experience level 6. On T:3017 you advanced to experience level 7. On T:4457 you reached level 5 of The Gnomish Mines. On T:5039 you reached level 5 of The Dungeons of Doom. On T:5173 you reached level 6 of The Dungeons of Doom. On T:5309 you reached level 7 of The Dungeons of Doom. On T:5467 you advanced to experience level 8. On T:5618 you reached level 8 of The Dungeons of Doom. On T:5860 you reached level 4 of Sokoban. On T:9346 you advanced to experience level 9. On T:9832 you reached level 6 of The Gnomish Mines. On T:9954 you reached level 7 of The Gnomish Mines. On T:10023 you reached level 8 of The Gnomish Mines. On T:10338 you reached level 9 of The Gnomish Mines. On T:11749 you advanced to experience level 10. On T:12140 you reached level 3 of Sokoban. On T:12577 you reached level 2 of Sokoban. On T:12868 you reached level 1 of Sokoban. On T:13922 you reached level 9 of The Dungeons of Doom. On T:14051 you reached level 10 of The Dungeons of Doom. On T:14111 you reached level 12 of The Dungeons of Doom. On T:14204 you reached level 13 of The Dungeons of Doom. On T:14405 you reached level 11 of The Dungeons of Doom. On T:15177 you reached level 14 of The Dungeons of Doom. On T:15358 you reached level 15 of The Dungeons of Doom. On T:15444 you reached level 16 of The Dungeons of Doom. On T:15475 you reached level 17 of The Dungeons of Doom. On T:15483 you reached level 18 of The Dungeons of Doom. On T:15918 you reached level 1 of The Quest. On T:15957 you advanced to experience level 11. On T:16471 you reached level 19 of The Dungeons of Doom. On T:16521 you reached level 20 of The Dungeons of Doom. On T:16612 you reached level 21 of The Dungeons of Doom. On T:17005 you reached level 22 of The Dungeons of Doom. On T:17508 you wished for "blessed greased fireproof +2 cloak of magic resistance". On T:17676 you advanced to experience level 12. On T:17781 you reached level 23 of The Dungeons of Doom. On T:17933 you reached level 24 of The Dungeons of Doom. On T:18417 you killed Medusa on level 24 of The Dungeons of Doom. On T:18469 you reached level 26 of The Dungeons of Doom. On T:19085 you reached level 27 of The Dungeons of Doom. On T:19108 you reached The Castle. On T:19277 you advanced to experience level 13. On T:20065 you wished for "2 blessed scrolls of charging". On T:20067 you wished for "2 cursed scrolls of genocide". On T:20226 you reached The Valley of the Dead. On T:20274 you advanced to experience level 14. On T:20365 you advanced to experience level 15. On T:21046 you reached level 2 of Gehennom. On T:21249 you reached level 3 of Gehennom. On T:21500 you killed Asmodeus in The Valley of the Dead. On T:21582 you embarked upon an epic quest. On T:21616 you reached level 2 of The Quest. On T:21824 you reached level 3 of The Quest. On T:22092 you reached level 4 of The Quest. On T:22135 you reached level 5 of The Quest. On T:22200 you wished for "Blessed amulet of life saving". On T:22201 you wished for "blessed greased fireproof +2 pair of speed boots". On T:22299 you reached level 6 of The Quest. On T:22403 you killed Lord Surtur on level 6 of The Quest. On T:22436 you completed the quest! On T:22661 you wished for "blessed greased ring of free action". On T:23132 you reached level 4 of Gehennom. On T:23138 you reached level 5 of Gehennom. On T:23145 you wished for "blessed ring of levitation". On T:23191 you killed Juiblex on level 5 of Gehennom. On T:23233 you reached level 6 of Gehennom. On T:23416 you reached level 8 of Gehennom. On T:23518 you killed Baalzebub on level 7 of Gehennom. On T:23562 you reached level 9 of Gehennom. On T:23610 you wished for "uncursed magic marker". On T:23611 you wished for "3 blessed scrolls of magic mapping". On T:23614 you reached level 10 of Gehennom. On T:23621 you reached level 11 of Gehennom. On T:23678 you reached level 12 of Gehennom. On T:23822 you reached level 13 of Gehennom. On T:23920 you killed Orcus on level 11 of Gehennom. On T:23977 you reached level 14 of Gehennom. On T:23994 you reached level 15 of Gehennom. On T:24330 you reached level 3 of Vlad's Tower. On T:24372 you reached level 2 of Vlad's Tower. On T:24393 you reached level 1 of Vlad's Tower. On T:24408 you killed Vlad the Impaler on level 1 of Vlad's Tower. On T:24521 you reached level 16 of Gehennom. On T:24535 you reached level 17 of Gehennom. On T:24577 you reached level 18 of Gehennom. On T:24591 you reached level 19 of Gehennom. On T:24596 you reached level 20 of Gehennom. On T:24605 you reached level 21 of Gehennom. On T:24705 you reached level 22 of Gehennom. On T:24763 you reached level 23 of Gehennom. On T:25072 you killed Wizard of Yendor on level 16 of Gehennom. On T:25082 you performed the invocation. On T:25083 you reached level 24 of Gehennom. On T:25091 you wished for "blessed greased ring of conflict". On T:25287 you killed high priest of Moloch on level 24 of Gehennom. On T:25290 you gained the Amulet of Yendor! On T:25298 you lost the Amulet of Yendor. On T:25298 you gained the Amulet of Yendor! On T:26193 you killed Demogorgon on level 10 of Gehennom. On T:26240 you advanced to experience level 16. On T:27127 you killed Wizard of Yendor on level 9 of The Dungeons of Doom. On T:27298 you reached the Plane of Earth. On T:27298 you killed Wizard of Yendor on the Plane of Earth. On T:27350 you reached the Plane of Air. On T:27463 you reached the Plane of Fire. On T:27500 you reached the Plane of Water. On T:27565 you reached the Astral Plane. On T:27610 you lost the Amulet of Yendor. On T:27610 you offered the Amulet of Yendor to Tyr and ascended to the status of Demigoddess! Score breakdown: Gold: 472 ( 9098 points) Experience: 16 levels (21575 points) Exploration: 52 levels (100.00%) (30000 points) Discoveries: 100 items ( 40.65%) (19127 points) Valuables value: 7900 (13258 points) Artifact value: 12500 (13936 points) Variety of kills: 274 monsters ( 71.92%) (25440 points) Turncount: 27610 turns (-3878 points) Survival: ascended (score multiplied by 200%) Total score: 257112 Latest messages: The splash of venom misses the Angel of Tyr. Splash! The high priestess of Tyr zaps a wand of striking! Boing! The high priestess of Tyr zaps a wand of striking! Boing! Please move the cursor to an unknown object. Never mind. You hear some noises in the distance. The cobra spits venom! Splash! There is an altar to Tyr (lawful) here. (2x) There is an altar to Tyr (lawful) here. You offer the Amulet of Yendor to Tyr... An invisible choir sings, and you are bathed in radiance... The voice of Tyr rings out: "Congratulations, mortal!" "In return for thy service, I grant thee the gift of Immortality!" You ascend to the status of Demigoddess... Final status: Farvel Tariru the Demigoddess, ascended... You went to your reward with 257112 points, Excalibur (worth 4000 zorkmids) The Orb of Fate (worth 3500 zorkmids) The Candelabrum of Invocation (worth 5000 zorkmids) 2 rubies (worth 7000 zorkmids), 1 amethyst stone (worth 600 zorkmids), 2 amulets of life saving (worth 300 zorkmids), and 472 pieces of gold, after 27610 moves. You were level 16 with a maximum of 301 hit points when you ascended.